[Event "Late-Titled-Tuesday-Blitz-April-23-2024"]
[Site "Chess.com"]
[Date "2024.04.23"]
[Round "3"]
[White "Andrii_Prydun"]
[Black "lluiss"]
[Result "0-1"]
[WhiteElo "2368"]
[BlackElo "2148"]
[TimeControl "180+1"]
[EndTime "14:29:06 PDT"]
[Termination "lluiss won on time"]

1. e4 c5 2. Nf3 d6 3. c3 Nf6 4. h3 Nbd7 5. d4 Nxe4 6. Bd3 Nef6 7. O-O e6 8. Bf4 cxd4 9. cxd4 Be7 10. Nc3 O-O 11.
Re1 b6 12. d5 e5 13. Bd2 Bb7 14. Qb3 Nc5 15. Qc4 Rc8 16. b4 Nce4 17. Rxe4 Rxc4 18.
Rxc4 Nxd5 19. Rd1 Qa8 20. Be2 Nxc3 21. Bxc3 Ba6 22. Bb2 d5 23. Rc2 Bxe2 24. Rxe2 f6 25. a3 Rc8 26. Nh4 Qc6 27. Nf5 Bf8 28. Ne3 d4 29.
Nc2 a5 30. Rdd2 axb4 31. axb4 Qa4 32. Ba3 Qb3 0-1

[Event "Late-Titled-Tuesday-Blitz-April-23-2024"]
[Site "Chess.com"]
[Date "2024.04.23"]
[Round "3"]
[White "merinasian"]
[Black "Mischuk_D"]
[Result "0-1"]
[WhiteElo "2519"]
[BlackElo "2767"]
[TimeControl "180+1"]
[EndTime "14:29:08 PDT"]
[Termination "Mischuk_D won on time"]

1. d4 d5 2. Nf3 e6 3. c4 c6 4. e3 Nf6 5. Nbd2 Nbd7 6. Bd3 Bd6 7.
O-O O-O 8. e4 e5 9. cxd5 cxd5 10.
exd5 exd4 11. Nc4 Bc5 12. Bg5 h6 13. Bh4 Re8 14. Bc2 b5 15. Na3 Qb6 16. Qd3 Ba6 17.
Rad1 Bxa3 18. bxa3 b4 19. Qxd4 Bxf1 20. Kxf1 Qa6+ 21. Bd3 Qxa3 22. Bb5 Re4 23. Qd2 Rb8 24. Bc6 Qa6+ 25. Kg1 Qe2 26. Bg3 Rbe8 27. h3 Qxd2 28. Rxd2 Re2 29. Rd4 a5 30. d6 Rxa2 31. Bh4 Rd8 32. Nd2 Ne5 33. Bb5 g5 34. Bg3 Ned7 35.
Kh2 Rb8 36. Bc6 b3 37. Nxb3 Rxb3 38. Rc4 Rxg3 39. Kxg3 Rd2 40. Bxd7 Nxd7 41. Ra4 Rd5 42. Kg4 Kg7 43. f4 Nf6+ 0-1

[Event "Late-Titled-Tuesday-Blitz-April-23-2024"]
[Site "Chess.com"]
[Date "2024.04.23"]
[Round "3"]
[White "SerGo055"]
[Black "semchik90"]
[Result "1-0"]
[WhiteElo "2598"]
[BlackElo "2382"]
[TimeControl "180+1"]
[EndTime "14:29:09 PDT"]
[Termination "SerGo055 won by checkmate"]

1. d4 d5 2. Nf3 Nf6 3. c4 c6 4. Nc3 c5 5. cxd5 Nxd5 6. Nxd5 Qxd5 7. dxc5 Qxc5 8. e3 Nc6 9. Be2 Bg4 10. O-O Rd8 11.
Qa4 Bd7 12. Rd1 e5 13. Bd2 Be7 14. Rac1 Qb6 15. Bc3 O-O 16. Qe4 f6 17. Bd3 g6 18.
Bc4+ Kg7 19. a3 Bf5 20. Qh4 Rxd1+ 21. Rxd1 Rd8 22. Re1 g5 23. Qg3 h5 24. h4 g4 25.
e4 Bg6 26. Nd2 Nd4 27. Bd5 Qb5 28. Nf1 Ne2+ 29. Rxe2 Qxe2 30. Ne3 Bc5 31. Bxe5 fxe5 32. Qxe5+ Kh7 33. Qc7+ Kh6 34. Qxd8 Bxe3 35. fxe3 Qxe3+ 36. Kh2 Qf4+ 37. Kg1 Qe3+ 38. Kh2 g3+ 39. Kh3 Qf4 40. Qg5+ Qxg5 41. hxg5+ Kxg5 42. Kxg3 b6 43. e5 h4+ 44.
Kf3 Kf5 45. Be4+ Kg5 46. Bxg6 Kxg6 47. Kg4 Kf7 48. Kf5 Ke7 49. e6 Kd6 50. Kf6 Kd5 51. e7 Kd4 52. e8=Q Kc4 53. Qe4+ Kb3 54. Qd4 b5 55. Qc3+ Ka4 56. Qb4# 1-0

[Event "Late-Titled-Tuesday-Blitz-April-23-2024"]
[Site "Chess.com"]
[Date "2024.04.23"]
[Round "3"]
[White "Kopytkin"]
[Black "contrerasfiorella"]
[Result "0-1"]
[WhiteElo "2420"]
[BlackElo "2214"]
[TimeControl "180+1"]
[EndTime "14:29:10 PDT"]
[Termination "contrerasfiorella won on time"]

1. d4 d5 2. Nc3 Nf6 3. e4 dxe4 4. f3 exf3 5. Nxf3 Bg4 6. Bg5 c6 7. Bc4 e6 8. O-O Be7 9. Kh1 O-O 10. Qe1 h6 11.
Bh4 Bxf3 12. Rxf3 Qxd4 13. Bd3 Nbd7 14. Rd1 Qe5 15. Re3 Qa5 16. a3 Rfe8 17. b4 Qd8 18.
Rxe6 fxe6 19. Qxe6+ Kh8 20. Bg6 Nf8 21. Qf7 Qc7 22.
Bg3 Qb6 23. Bf5 Qe3 0-1

[Event "Late-Titled-Tuesday-Blitz-April-23-2024"]
[Site "Chess.com"]
[Date "2024.04.23"]
[Round "3"]
[White "Harsha_Bharathakoti"]
[Black "ACollins05"]
[Result "1-0"]
[WhiteElo "2908"]
[BlackElo "2528"]
[TimeControl "180+1"]
[EndTime "14:29:13 PDT"]
[Termination "Harsha_Bharathakoti won by checkmate"]

1. c4 e6 2. Nf3 d5 3. g3 Nf6 4. Bg2 dxc4 5. Qa4+ Nbd7 6. Qxc4 c5 7.
Nc3 b6 8. a4 a6 9. O-O Bb7 10.
Rd1 Be7 11. d3 O-O 12. Bf4 Nd5 13. Bd2 Nxc3 14. bxc3 Bxf3 15. exf3 Ra7 16. f4 Nf6 17. Rab1 Nd5 18. Qb3 Bf6 19. Bxd5 Qxd5 20. Qxd5 exd5 21.
Rxb6 Re8 22. Kf1 Rae7 23. Rxa6 h5 24. h3 Rb7 25. Rc6 c4 26. dxc4 dxc4 27. Rxc4 Rb2 28. Be3 h4 29. g4 Rc2 30. g5 Rxc3 31. Rxc3 Bxc3 32. Rc1 Ba5 33. Rc5 Ra8 34. Rc4 Kf8 35. Ke2 g6 36. Kf3 Ke7 37. Kg4 Rh8 38. Rc5 Ra8 39.
Kxh4 Bb4 40. Rc4 Bd6 41. Kg4 Ke6 42. h4 Kd5 43. Rd4+ Ke6 44. h5 gxh5+ 45. Kxh5 Rh8+ 46.
Kg4 Rh1 47. Rc4 Kd5 48. Rc8 Ra1 49. Ra8 Bb4 50. Kf5 Bc3 51. Ra7 Ra2 52. Bb6 Kc6 53. a5 Be1 54. Rxf7 Bxa5 55. Bxa5 Rxa5+ 56. Kf6 Kd6 57. g6 Ra1 58. g7 Rg1 59. Rf8 Rg4 60. f5 Kd7 61. g8=Q Re4 62. Qe6+ Rxe6+ 63. fxe6+ Kd6 64.
Rd8+ Kc6 65. e7 Kc7 66. Ke6 Kc6 67. f4 Kb6 68. f5 Kc6 69. f6 Kb6 70. f7 Kb7 71.
f8=Q Kb6 72. Qe8 Kb7 73. Qd7+ Kb6 74. Rc8 Ka5 75. Qb7 Ka4 76. Ra8# 1-0

[Event "Late-Titled-Tuesday-Blitz-April-23-2024"]
[Site "Chess.com"]
[Date "2024.04.23"]
[Round "3"]
[White "chucksterf10"]
[Black "TheAlienParty"]
[Result "1-0"]
[WhiteElo "2604"]
[BlackElo "2415"]
[TimeControl "180+1"]
[EndTime "14:29:16 PDT"]
[Termination "chucksterf10 won by checkmate"]

1. Nf3 d5 2. c4 c6 3. e3 Nf6 4. b3 Bf5 5. Bb2 e6 6. Nc3 Nbd7 7. h3 h6 8. d4 Bb4 9. Bd3 Ne4 10. Bxe4 Bxe4 11. O-O Qf6 12. Nxe4 dxe4 13. Nd2 Bxd2 14. Qxd2 Qg6 15. Ba3 O-O-O 16. Qa5 Kb8 17. Bd6+ Ka8 18. c5 Qg5 19. b4 e5 20. b5 cxb5 21. Rfb1 exd4 22. Qxb5 Nb6 23. exd4 e3 24. f4 Qg3 25. Bc7 Rxd4 26. cxb6 Rd2 27. Qf1 Re8 28. f5 Rf2 29. Bxg3 Rxf1+ 30. Kxf1 axb6 31. Rxb6 Ka7 32. Rab1 e2+ 33. Ke1 Re7 34. Bd6 Rd7 35. Kxe2 g6 36. Ke3 gxf5 37. Kd4 f6 38. Kc5 Rg7 39. R1b5 f4 40.
Ra5# 1-0

[Event "Late-Titled-Tuesday-Blitz-April-23-2024"]
[Site "Chess.com"]
[Date "2024.04.23"]
[Round "3"]
[White "Airquake"]
[Black "JM05C"]
[Result "1-0"]
[WhiteElo "2665"]
[BlackElo "2486"]
[TimeControl "180+1"]
[EndTime "14:29:18 PDT"]
[Termination "Airquake won by resignation"]

1. b3 Nf6 2. Bb2 g6 3. e4 d6 4. Nf3 Bg7 5. Bd3 O-O 6. O-O e5 7. c3 Nc6 8. Bc2 Nh5 9. d4 Nf4 10. Nbd2 Qf6 11. b4 g5 12. b5 Ne7 13. Nc4 Neg6 14.
Re1 Nxg2 15. Kxg2 Bg4 16. Re3 Nh4+ 17. Nxh4 Bxd1 18. Rxd1 gxh4 19. Rf3 Qg5+ 20. Kh1 exd4 21. Rg1 Qxb5 22. Bb3 Kh8 23. cxd4 Rae8 24. Rf5 Qc6 25. d5 1-0

[Event "Late-Titled-Tuesday-Blitz-April-23-2024"]
[Site "Chess.com"]
[Date "2024.04.23"]
[Round "3"]
[White "Onischuk_V"]
[Black "leschebaza"]
[Result "1-0"]
[WhiteElo "2831"]
[BlackElo "2326"]
[TimeControl "180+1"]
[EndTime "14:29:19 PDT"]
[Termination "Onischuk_V won by checkmate"]

1. e4 e6 2. d4 d5 3. Bd3 dxe4 4. Bxe4 Nf6 5. Bf3 c5 6. Ne2 Nc6 7. Be3 cxd4 8. Nxd4 Nxd4 9. Qxd4 Qxd4 10. Bxd4 Bd6 11. Nc3 Ke7 12. Nb5 Bb8 13. Bc5+ Ke8 14. O-O-O Bd7 15. Bxb7 Bf4+ 16. Be3 Bxe3+ 17. fxe3 Rb8 18.
Nd6+ Ke7 19. Bf3 Rb6 20. Nc4 Rb4 21. b3 Rc8 22. Ne5 Be8 23. c4 a5 24. Kb2 a4 25.
Kc3 Rb5 26. Nd3 e5 27. Nf2 axb3 28. axb3 Ra5 29. Ra1 Rxa1 30. Rxa1 Bc6 31. Ra7+ Ke6 32. Ra6 Kd6 33. b4 Kd7 34. Bxc6+ Rxc6 35. Rxc6 Kxc6 36. b5+ Kc5 37. Nd3+ Kb6 38. Nxe5 Ne4+ 39. Kd4 Nf2 40. Nxf7 Ng4 41. h3 Nf6 42. Nd6 Nd7 43. e4 h5 44. e5 g5 45. e6 Nf6 46. e7 g4 47.
c5+ Kc7 48. e8=Q gxh3 49. b6# 1-0

[Event "Late-Titled-Tuesday-Blitz-April-23-2024"]
[Site "Chess.com"]
[Date "2024.04.23"]
[Round "3"]
[White "CarlosjPineror"]
[Black "TigrVShlyape"]
[Result "1/2-1/2"]
[WhiteElo "2774"]
[BlackElo "3023"]
[TimeControl "180+1"]
[EndTime "14:29:20 PDT"]
[Termination "Game drawn by repetition"]

1. e4 c5 2. Ne2 e6 3. g3 b5 4. Bg2 Bb7 5. O-O Nf6 6. d3 d6 7. a4 b4 8. Nbc3 bxc3 9. bxc3 e5 10. h3 Nbd7 11. c4 Be7 12. f4 h5 13. Be3 Bc6 14.
a5 Rb8 15. Qe1 Nf8 16. Ra2 Ne6 17. c3 Qc7 18. f5 Nf8 19. Qd2 N8d7 20. Bf3 Qd8 21. Kg2 h4 22. g4 Nh7 23. Qc2 Bg5 24. Bf2 O-O 25. d4 cxd4 26. cxd4 exd4 27. Nxd4 Ne5 28.
Nxc6 Nxc6 29. Rb1 Nb4 30. Rxb4 Rxb4 31. Bxa7 Qe7 32. Bf2 Bf6 33. a6 Be5 34. c5 Ng5 35. c6 Nxf3 36. Kxf3 Qc7 37. a7 Ra8 38. Ra6 Bd4 39.
Bxd4 Rxd4 40. Qc3 Rd1 41. Qb3 d5 42. Qxd1 Qg3+ 43. Ke2 Qg2+ 44. Ke3 Qxe4+ 45. Kf2 Qf4+ 46. Qf3 Qc4 47. Qe2 Qf4+ 48. Qf3 Qc4 49. Qe2 Qf4+ 50. Qf3 1/2-1/2

[Event "Late-Titled-Tuesday-Blitz-April-23-2024"]
[Site "Chess.com"]
[Date "2024.04.23"]
[Round "3"]
[White "lupta_robin"]
[Black "tylityli"]
[Result "1-0"]
[WhiteElo "2573"]
[BlackElo "2328"]
[TimeControl "180+1"]
[EndTime "14:29:20 PDT"]
[Termination "lupta_robin won on time"]

1. b3 e5 2. Bb2 Nc6 3. e3 Nf6 4. Nf3 Bd6 5. d4 exd4 6. Nxd4 Nxd4 7. Qxd4 O-O 8. Nc3 Re8 9. O-O-O Qe7 10. Bd3 Ba3 11.
h4 Bxb2+ 12. Kxb2 Qe5 13. Nb5 Nd5 14. c4 a6 15. cxd5 axb5 16. Qxe5 Rxe5 17. Bxb5 d6 18. a4 Bf5 19. Bc4 Ra5 20. Rc1 c6 21. dxc6 bxc6 22. Rhd1 d5 23. Be2 Re6 24. Bf3 g6 25. Rd4 h5 26. Rb4 Kf8 27. Rb6 c5 28. Rb8+ Ke7 29. Bxd5 Rd6 30. e4 Be6 31. Bxe6 Kxe6 32. Rc8 Rd2+ 33. Rc2 Rd4 34. R8xc5 Rxc5 35. Rxc5 Rxe4 36. a5 1-0

[Event "Late-Titled-Tuesday-Blitz-April-23-2024"]
[Site "Chess.com"]
[Date "2024.04.23"]
[Round "3"]
[White "GianmarcoVaR"]
[Black "AungTZ"]
[Result "1-0"]
[WhiteElo "2826"]
[BlackElo "2046"]
[TimeControl "180+1"]
[EndTime "14:29:21 PDT"]
[Termination "GianmarcoVaR won on time"]

1. e4 c5 2. Nf3 Nc6 3. Bd3 d6 4. c3 g6 5. Bc2 Bg7 6. O-O Bg4 7. h3 Bxf3 8. Qxf3 Nf6 9. d3 O-O 10.
Be3 Rc8 11. Nd2 Nd4 12. cxd4 cxd4 13. Bxd4 Rxc2 14. Bc3 Qc7 15. Qd1 Rxc3 16. bxc3 Qxc3 17. Nb3 Nd7 18. Rc1 Qb4 19. d4 Qa4 20. Qd2 e5 21.
d5 b6 22. Rc7 Nc5 23. Nxc5 bxc5 24. Qe2 Rb8 25. Rc6 Bf8 26. Qa6 Qxe4 27. Qxa7 Rb2 28. Rc8 Kg7 29. Qa8 Be7 30. Rg8+ Kh6 31. Qe8 Bf6 32.
Qxf7 Qf4 33. Rf8 1-0

[Event "Late-Titled-Tuesday-Blitz-April-23-2024"]
[Site "Chess.com"]
[Date "2024.04.23"]
[Round "3"]
[White "Orest_Vovk"]
[Black "chess_sharparchitect"]
[Result "1-0"]
[WhiteElo "2556"]
[BlackElo "2244"]
[TimeControl "180+1"]
[EndTime "14:29:21 PDT"]
[Termination "Orest_Vovk won by resignation"]

1. h4 d5 2. h5 e5 3. h6 Nxh6 4. d4 Nc6 5. Bxh6 gxh6 6. dxe5 Nxe5 7. Nf3 Nxf3+ 8. gxf3 Bg7 9. Nc3 d4 10. Ne4 f5 11. Ng3 Be6 12. Nh5 Bf6 13. Nxf6+ Qxf6 14. Qd2 O-O-O 15. Rxh6 Qe7 16. O-O-O Rd6 17. Bh3 Kb8 18.
Qf4 Rf8 19. Qh4 Qd7 20. Rxh7 Qa4 21. Rh8 Rc8 22. Rxc8+ Bxc8 23. a3 b5 24. Qh8 Rd5 25. e4 Rc5 26. Rd2 d3 27. c3 b4 28. Bxf5 Rxf5 29. exf5 bxa3 30. bxa3 Qxa3+ 31. Rb2+ 1-0

[Event "Late-Titled-Tuesday-Blitz-April-23-2024"]
[Site "Chess.com"]
[Date "2024.04.23"]
[Round "3"]
[White "wild3000"]
[Black "Janh4"]
[Result "0-1"]
[WhiteElo "2419"]
[BlackElo "2213"]
[TimeControl "180+1"]
[EndTime "14:29:22 PDT"]
[Termination "Janh4 won by checkmate"]

1. d4 d5 2. g3 Nf6 3. Bg2 e6 4. Nf3 Be7 5. O-O O-O 6. b3 b6 7. Bb2 Bb7 8. e3 Nbd7 9. c4 c5 10. Nc3 Rc8 11. cxd5 Nxd5 12. Nxd5 Bxd5 13. dxc5 Nxc5 14.
Rc1 Bf6 15. Nd4 Bxg2 16. Kxg2 Qd5+ 17. Qf3 Qxf3+ 18. Kxf3 e5 19. b4 Nd3 20. Rxc8 Rxc8 21. Nb5 Nxb2 22. Nxa7 Rc2 23. Nb5 g6 24. h4 h5 25. Nd6 Be7 26. Ne4 Bxb4 27. Nf6+ Kg7 28. Nd7 Nd3 29. a4 Ba5 30. Ke4 Nxf2+ 31. Kxe5 Ng4+ 32. Ke4 Rc4+ 33. Kd3 Rxa4 34. e4 Ra3+ 35. Ke2 Re3+ 36. Kd1 Rd3+ 37. Ke2 Rxd7 38. Rf4 Rd2+ 39.
Kf1 Rf2+ 40. Rxf2 Nxf2 41. Kxf2 Kf6 42. Kf3 Ke5 43. Ke3 b5 44. Kd3 Bb6 45. Kc3 Bc5 46. Kb3 Kxe4 47. Kc3 Kf3 48. g4 Kxg4 49. Kd3 Kxh4 50.
Ke2 Kg4 51. Kf1 h4 52. Kg2 b4 53. Kh2 b3 54. Kg2 b2 55. Kf1 b1=Q+ 56. Ke2 Qc2+ 57. Ke1 Kf3 58. Kf1 Qf2# 0-1

[Event "Late-Titled-Tuesday-Blitz-April-23-2024"]
[Site "Chess.com"]
[Date "2024.04.23"]
[Round "3"]
[White "chedimir"]
[Black "AljoschaFeuerstack"]
[Result "0-1"]
[WhiteElo "2435"]
[BlackElo "2630"]
[TimeControl "180+1"]
[EndTime "14:29:24 PDT"]
[Termination "AljoschaFeuerstack won on time"]

1. e4 c6 2. d4 d5 3. Nd2 a6 4. e5 c5 5. dxc5 Nc6 6. Ngf3 Bg4 7. h3 Bxf3 8. Nxf3 e6 9. Be3 Qc7 10. c4 d4 11. Bd2 Bxc5 12. Bd3 Nxe5 13. Nxe5 Qxe5+ 14. Kf1 Ne7 15. Qf3 Qc7 16. b4 Bd6 17. Be4 Rb8 18.
Re1 Bxb4 19. Bf4 Qxc4+ 20. Bd3 Qc3 21. Rc1 Qa3 22. g4 Nd5 23. Kg2 Rd8 24. Be5 O-O 25. Qe4 f5 26. gxf5 exf5 27. Qxd4 Qxd3 0-1

[Event "Late-Titled-Tuesday-Blitz-April-23-2024"]
[Site "Chess.com"]
[Date "2024.04.23"]
[Round "3"]
[White "RebecaJimnz"]
[Black "ozates"]
[Result "1-0"]
[WhiteElo "2290"]
[BlackElo "2549"]
[TimeControl "180+1"]
[EndTime "14:29:25 PDT"]
[Termination "RebecaJimnz won by resignation"]

1. d4 Nf6 2. Nf3 g6 3. Nc3 Bg7 4. e4 d6 5. Bc4 O-O 6. O-O Nxe4 7.
Nxe4 d5 8. Bd3 dxe4 9. Bxe4 c6 10. c3 Nd7 11. Re1 Nf6 12. Bd3 Be6 13. Bg5 Qb6 14.
Qc2 Rac8 15. h3 c5 16. dxc5 Qxc5 17. Be3 Qa5 18. Nd4 Bc4 19. Bxc4 Rxc4 20. Nb3 Qa4 21.
Bd4 e6 22. Qe2 b6 23. Qf3 Qc6 24. Qe2 Nd5 25. Bxg7 Kxg7 26. Nd4 Qc7 27. Rad1 a6 28. g3 b5 29. a3 Rb8 30. h4 h5 31. Nf3 a5 32. Ne5 Rc5 33. Qe4 b4 34. axb4 axb4 35. c4 Nf6 36. Qf4 Ng4 37. Rd7 Qxd7 38. Nxd7 Rbc8 39. Nxc5 Rxc5 40. Qd4+ 1-0

[Event "Late-Titled-Tuesday-Blitz-April-23-2024"]
[Site "Chess.com"]
[Date "2024.04.23"]
[Round "3"]
[White "crushernt"]
[Black "jlf287"]
[Result "0-1"]
[WhiteElo "2122"]
[BlackElo "2546"]
[TimeControl "180+1"]
[EndTime "14:29:27 PDT"]
[Termination "jlf287 won by resignation"]

1. e4 c5 2. Nf3 d6 3. d4 cxd4 4. Nxd4 Nf6 5. Nc3 Nc6 6. Nde2 g6 7. g3 Bg7 8. Bg2 O-O 9. O-O Bd7 10. h3 Rc8 11. Be3 a6 12. a4 Na5 13. b3 b5 14.
axb5 axb5 15. Ra2 b4 16. Nd5 Nxd5 17. exd5 Nb7 18. Bd4 Be5 19. f4 Bxd4+ 20. Qxd4 Bf5 21. Qxb4 Nc5 22. Nd4 Bd7 23. f5 Rb8 24. Qc3 Qb6 25. Kh2 Rbc8 26. Qf3 Na6 27. Rd1 Nb4 28. Raa1 Rc5 29.
fxg6 hxg6 30. Qf4 Nxd5 31. Nf3 Nxf4 0-1

[Event "Late-Titled-Tuesday-Blitz-April-23-2024"]
[Site "Chess.com"]
[Date "2024.04.23"]
[Round "3"]
[White "Abund"]
[Black "GMBenjaminBok"]
[Result "0-1"]
[WhiteElo "2774"]
[BlackElo "3046"]
[TimeControl "180+1"]
[EndTime "14:29:28 PDT"]
[Termination "GMBenjaminBok won by resignation"]

1. e4 c5 2. Nf3 d6 3. Bb5+ Nd7 4.
c3 Nf6 5. Qe2 a6 6. Ba4 b5 7.
Bc2 Bb7 8. d4 g6 9. O-O Bg7 10.
Rd1 O-O 11. e5 Bxf3 12. Qxf3 dxe5 13. dxc5 Qc7 14. b4 a5 15. a4 axb4 16. cxb4 e4 17. Qg3 Ne5 18. Bb2 Nh5 19. Qb3 bxa4 20. Qa2 Ng4 21.
g3 e3 22. f3 Nf2 23. Re1 Nxg3 24. Bxg7 Kxg7 25. Rxe3 Nh3+ 26. Kg2 Nf4+ 27. Kf2 Nf5 28.
Qb2+ f6 29. Re4 Nd3+ 30. Bxd3 Qxh2+ 31. Ke1 Qxb2 32. Ra3 Rfd8 33. Re2 Qc1+ 34. Kf2 Rxd3 35. Rxd3 Qxb1 36. Rc3 a3 37. c6 a2 38. Re1 Qb2+ 0-1

[Event "Late-Titled-Tuesday-Blitz-April-23-2024"]
[Site "Chess.com"]
[Date "2024.04.23"]
[Round "3"]
[White "Statham_01"]
[Black "zano2023"]
[Result "1-0"]
[WhiteElo "2553"]
[BlackElo "2169"]
[TimeControl "180+1"]
[EndTime "14:29:28 PDT"]
[Termination "Statham_01 won by resignation"]

1. e4 e5 2. Nf3 d6 3. d4 f5 4.
dxe5 fxe4 5. Ng5 d5 6. c4 Bb4+ 7. Nc3 d4 8. a3 Bxc3+ 9. bxc3 e3 10. Nf3 exf2+ 11. Kxf2 dxc3 12. Qxd8+ Kxd8 13. a4 Nc6 14. Ba3 Nge7 15. Be2 h6 16. Rhd1+ Ke8 17. Rac1 Be6 18. Rxc3 Rd8 19. Rb1 b6 20. h3 Nd4 21. Rd1 Nxf3 22. Rxd8+ Kxd8 23. Bxf3 Nf5 24. c5 Ne7 25. c6 g6 26. a5 Rf8 27. Bc1 g5 28. axb6 axb6 29. Ra3 Bd5 30. Ra8+ Nc8 31. Ba3 Rf7 32. Kg3 Bxf3 33.
e6 Rh7 34. gxf3 1-0

[Event "Late-Titled-Tuesday-Blitz-April-23-2024"]
[Site "Chess.com"]
[Date "2024.04.23"]
[Round "3"]
[White "crosky"]
[Black "SmirnovTimofey2000"]
[Result "1-0"]
[WhiteElo "2357"]
[BlackElo "1974"]
[TimeControl "180+1"]
[EndTime "14:29:28 PDT"]
[Termination "crosky won on time"]

1. d4 d5 2. c4 c6 3. Nc3 Nf6 4. Nf3 e6 5. e3 a6 6. a4 Nbd7 7.
g3 dxc4 8. Bg2 Nd5 9. Nd2 Nxc3 10. bxc3 Nb6 11. a5 Nd5 12. Qc2 Be7 13. e4 Nc7 14.
Nxc4 O-O 15. O-O Nb5 16. Bf4 Bg5 17. Nb6 Bxf4 18. Nxa8 Bd7 19. gxf4 Qxa8 20. Rad1 Qb8 21. e5 Qc7 22. c4 Na7 23. Qc3 c5 24. d5 exd5 25.
cxd5 b5 26. axb6 Qxb6 27. Rb1 Nb5 28. Qd3 g6 29. Rfc1 Bf5 30. Be4 Bxe4 31. Qxe4 Rc8 32. d6 Qa7 33. Qd5 Nd4 34. Qxd4 cxd4 35. Rxc8+ Kg7 36.
Rc7 1-0

[Event "Late-Titled-Tuesday-Blitz-April-23-2024"]
[Site "Chess.com"]
[Date "2024.04.23"]
[Round "3"]
[White "ChadBiryani"]
[Black "Perecke"]
[Result "1-0"]
[WhiteElo "2459"]
[BlackElo "2608"]
[TimeControl "180+1"]
[EndTime "14:29:29 PDT"]
[Termination "ChadBiryani won by resignation"]

1. d4 Nf6 2. Bf4 e6 3. e3 c5 4. Nf3 b6 5. Nbd2 Bb7 6. Bd3 Nc6 7. c3 Be7 8. O-O O-O 9. h3 Rc8 10. a4 d6 11. Qe2 Nh5 12. Bh2 f5 13. e4 cxd4 14. exf5 exf5 15. Nxd4 Nxd4 16. Qxh5 g6 17. Qd1 Ne6 18. Qb3 d5 19. Qd1 Bd6 20. Re1 Bxh2+ 21. Kxh2 Qd6+ 22. Kg1 Nf4 23. Bf1 d4 24. Nf3 Qd5 25.
Qxd4 Nxh3+ 26. Kh2 Qxf3 27. gxf3 Ng5 28. Bc4+ Rxc4 29.
Qxc4+ Kh8 30. Re3 f4 31. Rd3 Bxf3 32. Rxf3 Nxf3+ 33. Kg2 Nh4+ 34. Kh3 Nf3 35. Rd1 Kg7 36. Rd7+ Kh6 37. Qc7 Ng5+ 38. Kh2 f3 39. Qxa7 Rf4 40. Rd4 Ne4 41. Qe7 1-0

[Event "Late-Titled-Tuesday-Blitz-April-23-2024"]
[Site "Chess.com"]
[Date "2024.04.23"]
[Round "3"]
[White "dasatcu90"]
[Black "Der_Balak_3Halak"]
[Result "0-1"]
[WhiteElo "2194"]
[BlackElo "2427"]
[TimeControl "180+1"]
[EndTime "14:29:29 PDT"]
[Termination "Der_Balak_3Halak won by resignation"]

1. d4 d5 2. Nf3 Nf6 3. e3 c6 4. Bd3 e6 5. Nbd2 Bd6 6. O-O Nbd7 7. e4 dxe4 8. Nxe4 Nxe4 9. Bxe4 Nf6 10. Bd3 h6 11.
Re1 b6 12. Ne5 Bb7 13. Qf3 Qc7 14. Qg3 g5 15. Qf3 Ng8 16. Be4 Bxe5 17. dxe5 O-O-O 18. Be3 c5 19. Rad1 Rxd1 20. Rxd1 Bxe4 21. Qxe4 Ne7 22.
c4 Qc6 23. Qd3 Nf5 24. f3 Rg8 25. Kf2 h5 26. g4 hxg4 27. fxg4 Nh4 28. Qd6 Qf3+ 29.
Ke1 Ng2+ 30. Kd2 Rd8 31. Qxd8+ Kxd8 32. Kc2+ Qxd1+ 33. Kxd1 Nxe3+ 34. Ke2 Nxg4 35. h3 Nxe5 36. Ke3 Nxc4+ 37. Ke4 Nxb2 0-1

[Event "Late-Titled-Tuesday-Blitz-April-23-2024"]
[Site "Chess.com"]
[Date "2024.04.23"]
[Round "3"]
[White "OPQRC"]
[Black "pirulillo"]
[Result "1-0"]
[WhiteElo "2576"]
[BlackElo "2337"]
[TimeControl "180+1"]
[EndTime "14:29:31 PDT"]
[Termination "OPQRC won by resignation"]

1. e4 c5 2. Nf3 e6 3. b3 Nc6 4.
Bb5 Nge7 5. Bb2 a6 6. Bf1 Ng6 7. d3 f6 8. g3 Bd6 9. Bg2 Nce5 10. O-O Nxf3+ 11. Qxf3 Be5 12. c3 O-O 13. d4 cxd4 14.
cxd4 Bc7 15. Nd2 b5 16. h4 Bb7 17. h5 Ne7 18. Rac1 d5 19. Qe2 Bb6 20. Rfd1 Qd7 21.
h6 g6 22. Ba3 Rfe8 23. Bc5 Bc7 24. Qf3 Kf7 25. e5 f5 26. Qf4 Nc6 27. Nf3 Bd8 28.
Ng5+ Bxg5 29. Qxg5 Qd8 30. Qe3 Rc8 31. g4 Kg8 32.
gxf5 exf5 33. Qf3 Nb8 34. Bd6 Re6 35. Rc3 Nd7 36. Rdc1 Rxc3 37. Qxc3 Nf6 38. Bc7 Qe8 39. exf6 Rc6 40. Bxd5+ 1-0

[Event "Late-Titled-Tuesday-Blitz-April-23-2024"]
[Site "Chess.com"]
[Date "2024.04.23"]
[Round "3"]
[White "PNEPaul"]
[Black "egnfanclub"]
[Result "0-1"]
[WhiteElo "1913"]
[BlackElo "2356"]
[TimeControl "180+1"]
[EndTime "14:29:32 PDT"]
[Termination "egnfanclub won on time"]

1. e4 e5 2. Nf3 Nc6 3. Bc4 Nf6 4. d4 exd4 5. O-O Nxe4 6. Re1 d5 7. Bxd5 Qxd5 8. Nc3 Qa5 9. Nxe4 Be6 10. Neg5 O-O-O 11. Nxe6 fxe6 12. Bg5 Re8 13. Bd2 Bb4 14. Nxd4 Nxd4 15.
c3 Bd6 16. cxd4 Qd5 17. Be3 Rd8 18. Qa4 a6 19. b4 Qc4 20. a3 Rhf8 21. Rac1 Qb5 22.
Qb3 Qd5 23. Qa4 Rf6 24. Rb1 Rg6 25. g3 h5 26. b5 axb5 27. Rxb5 Qf3 28. Qd1 Qxd1 29.
Rxd1 h4 30. Kf1 hxg3 31. hxg3 c6 32. Rh5 Bxa3 33. Ke2 Rd5 34. Rh8+ Kd7 35. Ra1 Ra5 36. Bc1 Bb4 37. Rxa5 Bxa5 38. Bf4 Bc7 39. Be3 b5 40. Kd3 e5 41. dxe5 Bxe5 42. Ke4 Re6 43. Kf5 Bf6 44. Ra8 Re5+ 45. Kf4 c5 46. Ra7+ Kc6 47. Ra6+ Kd5 48. Ra5 Re4+ 49. Kf3 Rb4 50. Ra8 Rb3 51. Ke2 Kc4 52.
Bf4 Bd4 0-1

[Event "Late-Titled-Tuesday-Blitz-April-23-2024"]
[Site "Chess.com"]
[Date "2024.04.23"]
[Round "3"]
[White "only_strong_moves"]
[Black "dretch"]
[Result "0-1"]
[WhiteElo "2710"]
[BlackElo "2918"]
[TimeControl "180+1"]
[EndTime "14:29:33 PDT"]
[Termination "dretch won by resignation"]

1. d4 d5 2. c4 c6 3. Nc3 dxc4 4. e3 b5 5. a4 b4 6. Ne4 Qd5 7. Nd2 c3 8. bxc3 bxc3 9. Nb1 Qa5 10.
Qc2 e6 11. Nxc3 Nf6 12. Bd3 Na6 13. Bc4 Nb4 14. Qd2 Ba6 15. Bxa6 Qxa6 16. Nge2 Nd3+ 17.
Kf1 Bb4 18. Ba3 Ne4 19. Nxe4 Bxd2 20. Nxd2 c5 21. dxc5 O-O 22. g3 Nxc5 23. Bxc5 Qc6 24. Bxf8 Qxh1+ 25. Ng1 Rxf8 26. Nf3 e5 27. e4 f5 28. Re1 fxe4 29. Ng5 Qxh2 30. Nxe4 h6 31. Re3 Qh5 32. Kg2 Qd1 33. Nc3 Qc2 34. Nf3 e4 35. Nxe4 Qxa4 36. Nc5 Qc6 37. Ne6 Re8 38. Nd4 Qd7 39. Ra3 Ra8 40. Ra6 Qb7 41. Ra5 a6 42. Kg1 Qb6 43. Ra3 a5 44. Nc2 a4 45. Nfe1 Qb5 46.
Kg2 Re8 47. Kg1 Qc4 48. Kg2 Qe4+ 49. Kg1 Rb8 50. f3 Qc4 51. Kf2 Rb2 0-1

[Event "Late-Titled-Tuesday-Blitz-April-23-2024"]
[Site "Chess.com"]
[Date "2024.04.23"]
[Round "3"]
[White "ubdip"]
[Black "VD_coach"]
[Result "0-1"]
[WhiteElo "2418"]
[BlackElo "2605"]
[TimeControl "180+1"]
[EndTime "14:29:33 PDT"]
[Termination "VD_coach won by resignation"]

1. e4 c5 2. Nf3 d6 3. d4 cxd4 4. Qxd4 a6 5. Be2 e6 6. O-O Nc6 7. Qe3 Nf6 8. Rd1 Qc7 9. c4 Be7 10. h3 O-O 11. Nc3 b6 12. b3 Bb7 13. Ba3 Rfd8 14. Rac1 Ne5 15. Nxe5 dxe5 16. Bxe7 Qxe7 17. f3 Qc7 18. Na4 Nd7 19. Kf2 Nc5 20. Nxc5 bxc5 21. Qc3 a5 22. Rxd8+ Rxd8 23. Rd1 Rd4 24. a3 g5 25. Qe3 h6 26. h4 Qd8 27. hxg5 Rxd1 28. Bxd1 Qxd1 29. gxh6 Qd4 30. g4 f6 31. Ke2 Qxe3+ 32.
Kxe3 Kh7 33. Kd3 Kxh6 34. Ke3 Kg5 35. Ke2 Bc6 36. Ke3 a4 37. bxa4 Bxa4 38. Ke2 Kf4 39. Kf2 Bb3 0-1